 Dungeon Crawl Stone Soup version 0.29.0-13-gc9e81de378 (webtiles) character file.

Game seed: 3997867704346181660

51 xian the Charlatan (level 3, -2/26 HPs)
             Began as a Demonspawn Artificer on Sept 10, 2022.
             Slain by a gnoll
             ... wielding a +0 whip
              (6 damage)
             ... on level 2 of the Dungeon.
             The game lasted 00:02:09 (1640 turns).

xian the Charlatan (Demonspawn Artificer)           Turns: 1640, Time: 00:02:10

Health: -2/26      AC:  6    Str: 12 (14) XL:     3   Next: 58%
Magic:  3/3        EV: 11    Int: 10 (12) God:
Gold:   85         SH:  0    Dex: 12 (13) Spells: 2/2 levels left

rFire   . . .      SeeInvis .   h - +0 hand axe
rCold   . . .      Faith    .   (no shield)
rNeg    . . .      Spirit   .   b - +0 leather armour
rPois   .          Reflect  .   (no helmet)
rElec   .          Harm     .   (no cloak)
rCorr   .          Rampage  .   k - +1 pair of gloves
Will    .....                   m - +0 pair of boots
Stlth   +.........              (no amulet)
HPRegen 0.08/turn               (no ring)
MPRegen 0.08/turn               (no ring)

@: mighty
A: claws 1
a: no special abilities


You were on level 2 of the Dungeon.
You visited 1 branch of the dungeon, and saw 2 of its levels.

You collected 85 gold pieces.

Inventory:

Hand Weapons
 h - a +0 hand axe (weapon)
Armour
 b - a +0 leather armour (worn)
 k - a +1 pair of gloves (worn)
 m - a +0 pair of boots (worn)
Wands
 c - a wand of flame (15) (quivered)
 d - a wand of charming (15)
 e - a wand of iceblast (5)
Scrolls
 a - a scroll of immolation {unknown}
 g - 3 scrolls of identify {unknown}
 i - a scroll of teleportation {unknown}
 j - 2 scrolls of butterflies {unknown}


   Skills:
 + Level 1.3 Fighting
 + Level 1.3 Axes
 + Level 2.5 Armour
 + Level 1.3 Dodging
 + Level 1.0 Stealth
 + Level 3.3 Evocations


You had 2 spell levels left.
You didn't know any spells.
Your spell library was empty.

Dungeon Overview and Level Annotations

Branches:
Dungeon (2/15)

Altars:


Innate Abilities, Weirdness & Mutations

You have sharp fingernails.


Message History

An endoplasm comes into view.
You closely miss the gnoll.
The gnoll shouts!
The gnoll hits you with a +0 club.
You closely miss the gnoll. The gnoll hits you with a +0 club.
The gnoll hits you from afar with a +0 spear.
You hit the gnoll but do no damage.
The gnoll hits you but does no damage. x2
You hit the gnoll.
The gnoll is moderately wounded.
The gnoll hits you with a +0 club. The gnoll closely misses you.
The gnoll hits you with a +0 club.
The gnoll hits you from afar with a +0 spear.
Unknown command.
It was a potion of degeneration.
There was something very wrong with that liquid.
You feel weakened.
You feel dopey.
You feel clumsy. The gnoll hits you with a +0 club.
* * * LOW HITPOINT WARNING * * *
The gnoll barely misses you.
Unknown command.
It was a potion of might.
You feel very mighty all of a sudden. The gnoll closely misses you.
The gnoll hits you but does no damage.
Unknown command.
You slash the gnoll!
You kill the gnoll!
The gnoll barely misses you. The gnoll hits you but does no damage.
You see here a +0 club.
You closely miss the gnoll. The gnoll hits you with a +0 spear.
* * * LOW HITPOINT WARNING * * *
You closely miss the gnoll. The gnoll barely misses you.
You slash the gnoll!
You kill the gnoll!
The gnoll barely misses you.
You closely miss the gnoll. The gnoll barely misses you.
You slash the gnoll!
The gnoll is severely wounded.
The gnoll hits you with a +0 whip.
You die...

#.# #... #.#
#######
#.#####
.......
#.##..
..#####
#.##.# #
#.##.# #
#.##.# #
#.##.# .
#.##@# .
#.##g# #
#.##g#####..
#...J.......
####.######.
#.# ... ..##
....


You could see 2 gnolls and an endoplasm.

Vanquished Creatures
  3 gnolls
  2 bats (D:1)
  2 endoplasms (D:1)
  A goblin (D:1)
  3 hobgoblins (D:1)
  2 jackals (D:1)
  3 kobolds (D:1)
  A quokka (D:1)
  A ball python (D:1)
  A frilled lizard (D:1)
  3 rats (D:1)
22 creatures vanquished.

Notes
Turn   | Place    | Note
-------+----------+-------------------------------------------
     0 | D:1      | xian the Demonspawn Artificer began the quest for the Orb.
     0 | D:1      | Reached XP level 1. HP: 15/15 MP: 1/1
   117 | D:1      | Reached skill level 1 in Dodging
   604 | D:1      | Gained mutation: You have sharp fingernails. [demonic
                  | ancestry]
   604 | D:1      | Reached XP level 2. HP: 20/21 MP: 2/2
  1224 | D:1      | Reached skill level 1 in Axes
  1224 | D:1      | Reached skill level 1 in Stealth
  1224 | D:1      | Reached XP level 3. HP: 5/26 MP: 3/3
  1640 | D:2      | Slain by a gnoll

Illustrated notes

Levels and vault maps discovered:
D:1:      sevenhm_arrival_forest_fort_small_3, layout_basic,
          chequers_serial_rivers_small_3, chequers_serial_rivers_large_b
D:2:      layout_loops_ring

Skill      XL: |  1  2 |
---------------+-------+-----
Dodging        | 1 |  1.3
Armour         | 2 |  2.5
Axes           | 1 |  1.3
Stealth        | 1 |  1.0
Fighting       | |  1.3
Evocations     | |  3.3

Action                   || total
-------------------------++-------
Melee: Hand axe          ||    77
  Use: Potion            ||     2
 Stab: Sleeping          ||     1
Armor: Leather armour    ||    32
Dodge: Dodged            ||    50
